Demolitions vs Sasquatch (R2)

Created - October 30, 2019 at 20:17

Goals
1 2 3 T
Demolitions 2 1 2 5
Sasquatch 0 3 4 7
Shots
1 2 3 T
Demolitions 15 10 16 41
Sasquatch 10 13 9 32

1st period

1. Demolitions , Jared Staal 1 (Colton Gillies 5, Phil Di Giuseppe 1) at 3:24
2. Demolitions , Brandon Saad 3 (J.T. Brown 6) at 5:29 (PP)

Penalties :
Ian Cole (Gat) for Unsportsmanlike conduct (Minor) at 4:54, Spencer Machacek (Vic) for Hooking (Minor) at 17:33, Ryan Dzingel (Gat) for Unsportsmanlike conduct (Minor) at 17:55

2nd period

3. Sasquatch , Matt Halischuk 3 (Brett Pesce 1, Jujhar Khaira 3) at 0:49
4. Sasquatch , Teemu Hartikainen 2 (Quinton Howden 2, Patrick Wey 4) at 1:59
5. Sasquatch , Teemu Hartikainen 3 (Quinton Howden 3, Brett Pesce 2) at 15:42
6. Demolitions , Nikita Tryamkin 1 (Phil Di Giuseppe 2, Colton Gillies 6) at 18:22

Penalties :
T.J. Tynan (Gat) for Tripping (Minor) at 3:28, Brett Kulak (Gat) for Holding (Minor) at 8:27, J.T. Brown (Vic) for Delaying the game (Minor) at 13:30

3rd period

7. Sasquatch , Hudson Fasching 1 (Quinton Howden 4, Ian Cole 2) at 7:33
8. Demolitions , Brandon Saad 4 (Andrej Nestrasil 2, Taylor Aronson 1) at 14:17
9. Sasquatch , Brock Trotter 1 (Ian Cole 3, Joonas Korpisalo) at 15:39 (SH)
10. Demolitions , Spencer Machacek 5 (Lane MacDermid 6, Daultan Leveillé 5) at 15:49 (PP)
11. Sasquatch , Jujhar Khaira 3 (Ian Cole 4, Patrick Wey 5) at 16:29
12. Sasquatch , Teemu Hartikainen 4 (Quinton Howden 5) at 19:32 (Empty Net)

Penalties :
Spencer Machacek (Vic) for Hooking (Minor) at 1:11, Andrej Nestrasil (Vic) for Holding (Minor) at 11:58, Jujhar Khaira (Gat) for Holding (Minor) at 14:51

Goalie Stats

Brandon Halverson (Vic), 25 saves from 31 shots - (0.806), L, 1-1-0, 59:17 minutes
Joonas Korpisalo (Gat), 36 saves from 41 shots - (0.878), W, 2-1-1, 60:00 minutes

Players Stats for Demolitions

Player Name              G  A  P  +/- PIM S  H  SB GA TA FO     MP     PP MP  PK MP  
------------------------------------------------------------------------------------
Aaron Palushaj           0  0  0  -1  0   1  0  0  0  0  0/0     6:32   0:00   0:00 
Alex Hutchings           0  0  0  -1  0   1  0  0  0  0  0/0     8:42   0:22   1:14 
Andrej Nestrasil         0  1  1   0  2   5  1  1  0  0  7/12   16:17   2:35   1:29 
Brandon Saad             2  0  2   0  0   3  1  0  1  0  1/2    14:15   2:13   0:00 
Cameron Schilling        0  0  0  -3  0   0  2  1  0  1  0/0    29:42   4:10   3:56 
Colton Gillies           0  2  2  -1  0   2  4  0  0  1  2/8    14:15   0:00   2:07 
Colton Sceviour          0  0  0   0  0   0  0  0  0  0  0/0     0:32   0:00   0:00 
Daultan Leveillé         0  1  1  -3  0   8  1  2  0  1  14/31  24:30   3:18   3:37 
J.T. Brown               0  1  1  -1  2   5  3  0  0  0  1/3    15:04   2:13   0:37 
Jake Muzzin              0  0  0  -2  0   3  0  2  0  1  0/0    20:40   1:43   2:23 
Jared Staal              1  0  1   0  0   1  1  0  0  0  0/0    10:53   0:00   0:00 
Jonathan Blum            0  0  0  -3  0   1  1  3  0  1  0/0    27:46   4:10   3:56 
Lane MacDermid           0  1  1  -2  0   1  1  0  1  2  1/1    20:30   3:18   1:21 
Michael Prapavessis      0  0  0   0  0   0  0  0  0  0  0/0     1:56   0:00   0:00 
Nick Shore               0  0  0   0  0   0  0  0  0  0  1/1     0:52   0:00   0:09 
Nikita Tryamkin          1  0  1  -2  0   3  3  1  1  0  0/0    20:40   1:43   2:23 
Phil Di Giuseppe         0  2  2   0  0   0  2  0  1  0  0/0    10:53   0:00   0:00 
Phil McRae               0  0  0  -1  0   0  0  0  0  1  2/4     6:32   0:00   0:00 
Robert Bortuzzo          0  0  0   1  0   0  0  0  0  0  0/0     9:38   0:00   0:00 
Spencer Machacek         1  0  1  -2  4   6  4  0  1  0  3/5    22:13   3:40   2:04 
Taylor Aronson           0  1  1   1  0   1  0  0  0  0  0/0     9:38   0:00   0:00 

Players Stats for Sasquatch

Player Name              G  A  P  +/- PIM S  H  SB GA TA FO     MP     PP MP  PK MP  
------------------------------------------------------------------------------------
Brett Kulak              0  0  0   1  2   1  1  2  0  0  0/0    11:28   0:00   1:22 
Brett Pesce              0  2  2  -1  0   0  0  1  0  1  0/0    18:33   2:20   0:59 
Brock Trotter            1  0  1   1  0   1  1  0  1  0  0/0     7:57   0:00   0:42 
Devin Shore              0  0  0   3  0   0  3  0  0  0  12/26  18:48   3:30   0:28 
Hudson Fasching          1  0  1   3  0   1  0  0  0  0  0/0    12:28   0:00   0:00 
Ian Cole                 0  3  3   5  2   0  2  4  4  0  0/0    28:24   3:59   1:59 
Jerry D'Amigo            0  0  0   0  0   0  0  0  0  0  0/0     7:17   0:19   0:00 
Jujhar Khaira            1  1  2   2  2   5  2  0  0  0  0/1    20:25   2:30   2:58 
Matt Halischuk           1  0  1   2  0   5  1  0  0  0  1/3    18:49   3:30   0:00 
Mike Reilly              0  0  0  -2  0   0  1  2  0  0  0/0    12:22   2:20   0:00 
Nikita Nesterov          0  0  0   1  0   2  2  2  0  1  0/0    19:13   0:00   3:32 
Patrick Wey              0  2  2   4  0   1  1  3  0  1  0/0    30:22   3:59   3:54 
Petr Straka              0  0  0  -2  0   2  3  1  0  1  0/0    16:07   2:30   1:24 
Quinton Howden           0  4  4   3  0   1  2  1  1  1  4/9    14:59   0:19   1:12 
Ryan Dzingel             0  0  0  -2  2   2  1  0  0  0  0/0    15:02   3:29   0:00 
Sergey Kalinin           0  0  0  -2  0   3  2  0  2  0  14/21  16:45   0:19   3:50 
T.J. Tynan               0  0  0   0  2   2  0  0  0  0  4/6     9:46   2:30   0:00 
Teemu Hartikainen        3  0  3   3  0   6  3  0  0  0  0/1    13:40   0:00   1:12 

3 Stars

1 - Teemu Hartikainen (Gat)
2 - Quinton Howden (Gat)
3 - Ian Cole (Gat)

Power Play

Demolitions - 2 on 5 Attempt(s) - 40.00%
Sasquatch - 0 on 4 Attempt(s) - 0.00%

Penalty Kill

Demolitions - 4 on 4 Attempt(s) - 100.00% - Score 0 goal in Penalty Kill
Sasquatch - 3 on 5 Attempt(s) - 60.00% - Score 1 goal in Penalty Kill

Team Stat

Demolitions - Hits : 24 - Faceoff Wins : 32 - Blocked Shots : 10 - Penalty Minutes : 8
Sasquatch - Hits : 25 - Faceoff Wins : 35 - Blocked Shots : 16 - Penalty Minutes : 10

Official

Referees : Unknown
Linesman : Unknown

Game Notes

Teemu Hartikainen has scored a Hat Trick!
Teemu Hartikainen has scored in a empty net!

Finance

Level 1 -- Attendance: 1379 (68.95%) -- Ticket Income $55,160
Level 2 -- Attendance: 717 (71.70%) -- Ticket Income $14,340
Total Attendance: 2096 (69.87%)
Total Ticket Income: $69,500
Other Income: $3,475
Total Income: $72,975

Demolitions

5 vs 5 Forward 
   Center                   Left Wing                Right Wing               Time % Phy DF OF 
 1 Daultan Leveillé         Lane MacDermid           Spencer Machacek         54     1   2  2  
 2 Andrej Nestrasil         Brandon Saad             J.T. Brown               30     1   2  2  
 3 Colton Gillies           Phil Di Giuseppe         Jared Staal              11     1   2  2  
 4 Phil McRae               Alex Hutchings           Aaron Palushaj           5      1   2  2  

5 vs 5 Defense 
   Defense                  Defense                                           Time % Phy DF OF 
 1 Cameron Schilling        Jonathan Blum                                     40     1   2  2  
 2 Jake Muzzin              Nikita Tryamkin                                   30     1   2  2  
 3 Robert Bortuzzo          Taylor Aronson                                    20     1   2  2  
 4 Michael Prapavessis      Cameron Schilling                                 10     1   2  2  

PowerPlay Forward 
   Center                   Left Wing                Right Wing               Time % Phy DF OF 
 1 Daultan Leveillé         Lane MacDermid           Spencer Machacek         60     1   2  2  
 2 Andrej Nestrasil         Brandon Saad             J.T. Brown               40     1   2  2  

PowerPlay Defense
   Defense                  Defense                                           Time % Phy DF OF 
 1 Cameron Schilling        Jonathan Blum                                     60     1   2  2  
 2 Jake Muzzin              Nikita Tryamkin                                   40     1   2  2  

Penalty Kill 4 Players Forward 
   Center                   Wing                     Time % Phy DF OF 
 1 Spencer Machacek         Daultan Leveillé         60     1   2  2  
 2 Lane MacDermid           J.T. Brown               40     1   2  2  

Penalty Kill 4 Players Defense
   Defense                  Defense                  Time % Phy DF OF 
 1 Cameron Schilling        Jonathan Blum            60     1   2  2  
 2 Jake Muzzin              Nikita Tryamkin          40     1   2  2  

Penalty Kill - 3 Players Forward 
   Forward                                           Time % Phy DF OF 
 1 Spencer Machacek                                  60     1   2  2  
 2 Daultan Leveillé                                  40     1   2  2  

Penalty Kill - 3 Players Defense
   Defense                  Defense                  Time % Phy DF OF 
 1 Cameron Schilling        Jonathan Blum            60     1   2  2  
 2 Jake Muzzin              Nikita Tryamkin          40     1   2  2  

4 vs 4 Forward 
   Center                   Wing                     Time % Phy DF OF 
 1 Spencer Machacek         Daultan Leveillé         60     1   2  2  
 2 Lane MacDermid           J.T. Brown               40     1   2  2  

4 vs 4 Defense
   Defense                  Defense                  Time % Phy DF OF 
 1 Cameron Schilling        Jonathan Blum            60     1   2  2  
 2 Jake Muzzin              Nikita Tryamkin          40     1   2  2  

Last Minutes Offensive
   Center                   Left Wing                Right Wing               Defense                  Defense                  
   Daultan Leveillé         Lane MacDermid           Spencer Machacek         Cameron Schilling        Jonathan Blum            

Last Minutes Defensive
   Center                   Left Wing                Right Wing               Defense                  Defense                  
   Daultan Leveillé         Lane MacDermid           Spencer Machacek         Cameron Schilling        Jonathan Blum            

Goaltenders
Starting : Brandon Halverson        
Backup : Antti Raanta             

Extra Forwards
Normal : Nick Shore, Colton Sceviour, Colton Gillies - PP : Nick Shore, Colton Sceviour - PK : Colton Gillies
Extra Defensemen
Normal : Robert Bortuzzo, Taylor Aronson, Michael Prapavessis - PP : Robert Bortuzzo - PK : Taylor Aronson, Michael Prapavessis
Penalty Shots
Spencer Machacek, Daultan Leveillé, Lane MacDermid, J.T. Brown, Brandon Saad

Scratches
Ryan Olsen (Healthy), Thomas DiPauli (Healthy), Taylor Leier (Healthy), Michael Bunting (Healthy), Nick Pryor (Healthy)
Jaedon Descheneau (Healthy), Jake Paterson (Healthy)

Sasquatch

5 vs 5 Forward 
   Center                   Left Wing                Right Wing               Time % Phy DF OF 
 1 Devin Shore              Jujhar Khaira            Matt Halischuk           40     1   2  2  
 2 Sergey Kalinin           Ryan Dzingel             Petr Straka              30     1   2  2  
 3 Quinton Howden           Teemu Hartikainen        Hudson Fasching          20     1   2  2  
 4 T.J. Tynan               Brock Trotter            Jerry D'Amigo            10     1   2  2  

5 vs 5 Defense 
   Defense                  Defense                                           Time % Phy DF OF 
 1 Ian Cole                 Patrick Wey                                       40     1   2  2  
 2 Brett Pesce              Nikita Nesterov                                   30     1   2  2  
 3 Mike Reilly              Brett Kulak                                       20     1   2  2  
 4 Ian Cole                 Patrick Wey                                       10     1   2  2  

PowerPlay Forward 
   Center                   Left Wing                Right Wing               Time % Phy DF OF 
 1 Devin Shore              Ryan Dzingel             Matt Halischuk           60     1   2  2  
 2 T.J. Tynan               Jujhar Khaira            Petr Straka              40     1   2  2  

PowerPlay Defense
   Defense                  Defense                                           Time % Phy DF OF 
 1 Ian Cole                 Patrick Wey                                       60     1   2  2  
 2 Mike Reilly              Brett Pesce                                       40     1   2  2  

Penalty Kill 4 Players Forward 
   Center                   Wing                     Time % Phy DF OF 
 1 Sergey Kalinin           Jujhar Khaira            60     1   2  2  
 2 Quinton Howden           Teemu Hartikainen        40     1   2  2  

Penalty Kill 4 Players Defense
   Defense                  Defense                  Time % Phy DF OF 
 1 Patrick Wey              Nikita Nesterov          60     1   2  2  
 2 Brett Kulak              Ian Cole                 40     1   2  2  

Penalty Kill - 3 Players Forward 
   Forward                                           Time % Phy DF OF 
 1 Sergey Kalinin                                    60     1   2  2  
 2 Quinton Howden                                    40     1   2  2  

Penalty Kill - 3 Players Defense
   Defense                  Defense                  Time % Phy DF OF 
 1 Ian Cole                 Nikita Nesterov          60     1   2  2  
 2 Patrick Wey              Brett Kulak              40     1   2  2  

4 vs 4 Forward 
   Center                   Wing                     Time % Phy DF OF 
 1 Quinton Howden           Matt Halischuk           60     1   2  2  
 2 Sergey Kalinin           Jujhar Khaira            40     1   2  2  

4 vs 4 Defense
   Defense                  Defense                  Time % Phy DF OF 
 1 Ian Cole                 Nikita Nesterov          60     1   2  2  
 2 Patrick Wey              Brett Pesce              40     1   2  2  

Last Minutes Offensive
   Center                   Left Wing                Right Wing               Defense                  Defense                  
   Devin Shore              Jujhar Khaira            Matt Halischuk           Ian Cole                 Patrick Wey              

Last Minutes Defensive
   Center                   Left Wing                Right Wing               Defense                  Defense                  
   Sergey Kalinin           Teemu Hartikainen        Matt Halischuk           Nikita Nesterov          Patrick Wey              

Goaltenders
Starting : Joonas Korpisalo         
Backup : Corey Crawford           

Extra Forwards
Normal : Sergey Kalinin, Devin Shore, Petr Straka - PP : Sergey Kalinin, Quinton Howden - PK : Petr Straka
Extra Defensemen
Normal : Mike Reilly, Brett Pesce, Brett Kulak - PP : Brett Pesce - PK : Brett Pesce, Mike Reilly
Penalty Shots
Devin Shore, Matt Halischuk, Petr Straka, Brock Trotter, Ryan Dzingel

Scratches
Martin Marincin (Lacerated Right Calf Injury), Christoffer Ehn (Healthy), Kevin Fiala (Healthy), Dylan Sikura (Healthy), Alex Lintuniemi (Healthy)
Cal Petersen (Healthy)

% Time on Ice - Demolitions

Lines # - Real PCT - Wanted PCT - Time Play
Normal Forward
1 - 36% - 54% - 16:44
2 - 26% - 30% - 12:02
3 - 24% - 11% - 10:53
4 - 14% - 5% - 6:32
Normal Defense
1 - 41% - 40% - 18:55
2 - 34% - 30% - 15:42
3 - 21% - 20% - 9:38
4 - 4% - 10% - 1:56
PP Forward
1 - 62% - 60% - 3:40
2 - 38% - 40% - 2:13
PP Defense
1 - 71% - 60% - 4:10
2 - 29% - 40% - 1:43
PK Forward
1 - 83% - 60% - 5:13
2 - 17% - 40% - 1:06
PK Defense
1 - 62% - 60% - 3:56
2 - 38% - 40% - 2:23
PK3 Forward
1 - 0% - 60%
2 - 0% - 40%
PK3 Defense
1 - 0% - 60%
2 - 0% - 40%
44 Forward
1 - 100% - 60% - 1:37
2 - 0% - 40% - 0:00
44 Defense
1 - 46% - 60% - 0:45
2 - 54% - 40% - 0:52
Last Minute Offensive  - 0:00
Last Minute Defensive  - 0:00
Total
Forward - 60:00
Defense - 60:00

% Time on Ice - Sasquatch

Lines # - Real PCT - Wanted PCT - Time Play
Normal Forward
1 - 33% - 40% - 15:26
2 - 25% - 30% - 11:26
3 - 27% - 20% - 12:28
4 - 15% - 10% - 6:51
Normal Defense
1 - 44% - 40% - 20:22
2 - 32% - 30% - 14:36
3 - 20% - 20% - 9:18
4 - 4% - 10% - 1:55
PP Forward
1 - 60% - 60% - 3:49
2 - 40% - 40% - 2:30
PP Defense
1 - 63% - 60% - 3:59
2 - 37% - 40% - 2:20
PK Forward
1 - 80% - 60% - 4:41
2 - 20% - 40% - 1:12
PK Defense
1 - 60% - 60% - 3:32
2 - 40% - 40% - 2:21
PK3 Forward
1 - 0% - 60%
2 - 0% - 40%
PK3 Defense
1 - 0% - 60%
2 - 0% - 40%
44 Forward
1 - 74% - 60% - 1:12
2 - 26% - 40% - 0:25
44 Defense
1 - 58% - 60% - 0:56
2 - 42% - 40% - 0:41
Last Minute Offensive  - 0:00
Last Minute Defensive  - 0:00
Total
Forward - 60:00
Defense - 60:00

Play-by-Play

1st period


0:01 of 1st period - Devin Shore wins face-off versus Daultan Leveillé in neutral zone.
0:25 of 1st period - Andrej Nestrasil is hit by Petr Straka and loses puck.
0:30 of 1st period - Snap shot by Petr Straka.
0:30 of 1st period - Stopped by Brandon Halverson with a rebound.
1:00 of 1st period - Snap shot by Colton Gillies.
1:00 of 1st period - Stopped by Joonas Korpisalo without a rebound.
1:01 of 1st period - Daultan Leveillé wins face-off versus T.J. Tynan in Sasquatch zone.
1:02 of 1st period - Snap shot by Spencer Machacek.
1:02 of 1st period - Stopped by Joonas Korpisalo with a rebound.
1:04 of 1st period - Snap shot by Daultan Leveillé.
1:04 of 1st period - Stopped by Joonas Korpisalo with a rebound.
1:06 of 1st period - Wrist shot by Daultan Leveillé.
1:06 of 1st period - Stopped by Joonas Korpisalo without a rebound.
1:07 of 1st period - T.J. Tynan wins face-off versus Daultan Leveillé in Sasquatch zone.
1:32 of 1st period - Mike Reilly is hit by Nikita Tryamkin and loses puck.
1:51 of 1st period - Snap shot by Colton Gillies.
1:51 of 1st period - Stopped by Joonas Korpisalo without a rebound.
1:52 of 1st period - Sergey Kalinin wins face-off versus Colton Gillies in Sasquatch zone.
2:17 of 1st period - Robert Bortuzzo is hit by Patrick Wey and loses puck.
2:28 of 1st period - Snap shot by Teemu Hartikainen.
2:28 of 1st period - Stopped by Brandon Halverson with a rebound.
2:30 of 1st period - Backhand shot by Nikita Nesterov.
2:30 of 1st period - Stopped by Brandon Halverson with a rebound.
2:44 of 1st period - Taylor Aronson is hit by Devin Shore and loses puck.
3:20 of 1st period - Slapshot by Phil Di Giuseppe.
3:20 of 1st period - Shot Misses the Net.
3:22 of 1st period - Snap shot by Colton Gillies.
3:22 of 1st period - Shot Misses the Net.
3:24 of 1st period - Snap shot by Jared Staal.
3:24 of 1st period - Goal by Jared Staal - Demolitions : 1 - Sasquatch : 0.
3:25 of 1st period - Daultan Leveillé wins face-off versus Devin Shore in neutral zone.
3:36 of 1st period - Slapshot by Matt Halischuk.
3:36 of 1st period - Shot Blocked by Jonathan Blum.
3:56 of 1st period - Wrist shot by Matt Halischuk.
3:56 of 1st period - Deflect By Devin Shore.
3:56 of 1st period - Shot Misses the Net.
3:56 of 1st period - Puck is out of play.
3:57 of 1st period - Andrej Nestrasil wins face-off versus Quinton Howden in Demolitions zone.
3:57 of 1st period - Andrej Nestrasil is hit by Nikita Nesterov.
4:17 of 1st period - Snap shot by Brandon Saad.
4:17 of 1st period - Shot Misses the Net.
4:19 of 1st period - Slapshot by Jake Muzzin.
4:19 of 1st period - Stopped by Joonas Korpisalo without a rebound.
4:20 of 1st period - Sergey Kalinin wins face-off versus Daultan Leveillé in Sasquatch zone.
4:20 of 1st period - Sergey Kalinin is hit by Spencer Machacek.
4:54 of 1st period - Minor Penalty to Ian Cole for Unsportsmanlike conduct.
4:55 of 1st period - Sergey Kalinin wins face-off versus Daultan Leveillé in Sasquatch zone.
5:29 of 1st period - Snap shot by Brandon Saad.
5:29 of 1st period - Goal by Brandon Saad - Demolitions : 2 - Sasquatch : 0.
5:30 of 1st period - Devin Shore wins face-off versus Daultan Leveillé in neutral zone.
5:41 of 1st period - Snap shot by Jujhar Khaira.
5:41 of 1st period - Stopped by Brandon Halverson with a rebound.
5:43 of 1st period - Wrist shot by Matt Halischuk.
5:43 of 1st period - Stopped by Brandon Halverson with a rebound.
5:55 of 1st period - Daultan Leveillé is hit by Teemu Hartikainen and loses puck.
6:04 of 1st period - Quinton Howden is hit by Nikita Tryamkin and loses puck.
6:09 of 1st period - Slapshot by Spencer Machacek.
6:09 of 1st period - Shot Blocked by Ian Cole.
6:11 of 1st period - Wrist shot by Jake Muzzin.
6:11 of 1st period - Shot Blocked by Patrick Wey.
6:33 of 1st period - Slapshot by Daultan Leveillé.
6:33 of 1st period - Stopped by Joonas Korpisalo without a rebound.
6:34 of 1st period - Sergey Kalinin wins face-off versus Brandon Saad in Sasquatch zone.
6:34 of 1st period - Sergey Kalinin is hit by Brandon Saad.
7:00 of 1st period - Sergey Kalinin is hit by Cameron Schilling and loses puck.
7:36 of 1st period - Icing by Jonathan Blum.
7:37 of 1st period - Phil McRae wins face-off versus Devin Shore in Demolitions zone.
8:42 of 1st period - Matt Halischuk is hit by Colton Gillies.
8:46 of 1st period - Matt Halischuk is hit by Colton Gillies.
8:49 of 1st period - Off-side.
8:50 of 1st period - T.J. Tynan wins face-off versus Daultan Leveillé in neutral zone.
9:26 of 1st period - Slapshot by Jujhar Khaira.
9:26 of 1st period - Stopped by Brandon Halverson with a rebound.
9:40 of 1st period - Nikita Nesterov is hit by Nikita Tryamkin and loses puck.
10:02 of 1st period - Wrist shot by Spencer Machacek.
10:02 of 1st period - Shot Misses the Net.
10:04 of 1st period - Slapshot by Jake Muzzin.
10:04 of 1st period - Stopped by Joonas Korpisalo with a rebound.
10:06 of 1st period - Snap shot by Lane MacDermid.
10:06 of 1st period - Stopped by Joonas Korpisalo with a rebound.
10:52 of 1st period - Wrist shot by Brandon Saad.
10:52 of 1st period - Stopped by Joonas Korpisalo without a rebound.
10:53 of 1st period - Devin Shore wins face-off versus Daultan Leveillé in Sasquatch zone.
10:57 of 1st period - Off-side.
10:58 of 1st period - Daultan Leveillé wins face-off versus Matt Halischuk in neutral zone.
11:07 of 1st period - Backhand shot by Spencer Machacek.
11:07 of 1st period - Stopped by Joonas Korpisalo without a rebound.
11:08 of 1st period - Daultan Leveillé wins face-off versus Devin Shore in Sasquatch zone.
11:09 of 1st period - Snap shot by Spencer Machacek.
11:09 of 1st period - Shot Misses the Net.
11:33 of 1st period - Sergey Kalinin is hit by Phil Di Giuseppe.
11:55 of 1st period - Snap shot by Andrej Nestrasil.
11:55 of 1st period - Stopped by Joonas Korpisalo with a rebound.
11:59 of 1st period - Wrist shot by Brandon Saad.
11:59 of 1st period - Shot Misses the Net.
12:17 of 1st period - Snap shot by T.J. Tynan.
12:17 of 1st period - Stopped by Brandon Halverson with a rebound.
13:37 of 1st period - Daultan Leveillé is hit by Brett Kulak and loses puck.
13:44 of 1st period - Brett Kulak is hit by Spencer Machacek and loses puck.
13:59 of 1st period - Phil McRae is hit by Ian Cole and loses puck.
14:18 of 1st period - Nikita Tryamkin is hit by Petr Straka and loses puck.
14:27 of 1st period - Wrist shot by Petr Straka.
14:27 of 1st period - Shot Blocked by Jake Muzzin.
14:37 of 1st period - Brett Kulak is hit by Colton Gillies and loses puck.
15:01 of 1st period - Cameron Schilling is hit by Jujhar Khaira and loses puck.
15:08 of 1st period - Snap shot by Lane MacDermid.
15:08 of 1st period - Shot Misses the Net.
15:24 of 1st period - Backhand shot by Brock Trotter.
15:24 of 1st period - Deflect By T.J. Tynan.
15:24 of 1st period - Stopped by Brandon Halverson without a rebound.
15:25 of 1st period - Sergey Kalinin wins face-off versus Daultan Leveillé in Demolitions zone.
15:28 of 1st period - Snap shot by Petr Straka.
15:28 of 1st period - Deflect By Sergey Kalinin.
15:28 of 1st period - Shot Misses the Net.
15:28 of 1st period - Puck is out of play.
15:29 of 1st period - Sergey Kalinin wins face-off versus Daultan Leveillé in Demolitions zone.
15:32 of 1st period - Snap shot by Ryan Dzingel.
15:32 of 1st period - Shot Misses the Net.
15:34 of 1st period - Snap shot by Ryan Dzingel.
15:34 of 1st period - Stopped by Brandon Halverson without a rebound.
15:35 of 1st period - Daultan Leveillé wins face-off versus Sergey Kalinin in Demolitions zone.
16:00 of 1st period - Slapshot by Sergey Kalinin.
16:00 of 1st period - Stopped by Brandon Halverson without a rebound.
16:01 of 1st period - Andrej Nestrasil wins face-off versus Devin Shore in Demolitions zone.
16:26 of 1st period - Teemu Hartikainen is hit by Jared Staal.
17:05 of 1st period - Icing by Mike Reilly.
17:06 of 1st period - Sergey Kalinin wins face-off versus Andrej Nestrasil in Sasquatch zone.
17:22 of 1st period - Slapshot by J.T. Brown.
17:22 of 1st period - Stopped by Joonas Korpisalo without a rebound.
17:23 of 1st period - Spencer Machacek wins face-off versus Sergey Kalinin in Sasquatch zone.
17:33 of 1st period - Minor Penalty to Spencer Machacek for Hooking.
17:34 of 1st period - Devin Shore wins face-off versus Colton Gillies in Demolitions zone.
17:55 of 1st period - Minor Penalty to Ryan Dzingel for Unsportsmanlike conduct.
17:56 of 1st period - Nick Shore wins face-off versus Quinton Howden in Sasquatch zone.
17:56 of 1st period - Nick Shore is hit by Ian Cole.
18:40 of 1st period - Slapshot by Colton Sceviour.
18:40 of 1st period - Shot Misses the Net.
19:33 of 1st period - Penalty to Spencer Machacek is over, Spencer Machacek is back on ice.
19:55 of 1st period - Penalty to Ryan Dzingel is over, Ryan Dzingel is back on ice.
Goals for this period are 2 for Demolitions vs 0 for Sasquatch.
Shots for this period are 15 for Demolitions vs 10 for Sasquatch.

2nd period


0:01 of 2nd period - Daultan Leveillé wins face-off versus Devin Shore in neutral zone.
0:45 of 2nd period - Slapshot by Matt Halischuk.
0:45 of 2nd period - Stopped by Brandon Halverson with a rebound.
0:47 of 2nd period - Backhand shot by Brett Pesce.
0:47 of 2nd period - Shot Blocked by Jonathan Blum.
0:49 of 2nd period - Wrist shot by Matt Halischuk.
0:49 of 2nd period - Goal by Matt Halischuk - Demolitions : 2 - Sasquatch : 1.
0:50 of 2nd period - Daultan Leveillé wins face-off versus Sergey Kalinin in neutral zone.
0:55 of 2nd period - Snap shot by Daultan Leveillé.
0:55 of 2nd period - Shot Blocked by Ian Cole.
0:57 of 2nd period - Slapshot by Spencer Machacek.
0:57 of 2nd period - Shot Blocked by Ian Cole.
0:59 of 2nd period - Wrist shot by Daultan Leveillé.
0:59 of 2nd period - Shot Misses the Net.
1:01 of 2nd period - Wrist shot by Spencer Machacek.
1:01 of 2nd period - Stopped by Joonas Korpisalo without a rebound.
1:02 of 2nd period - Spencer Machacek wins face-off versus Devin Shore in Sasquatch zone.
1:05 of 2nd period - Snap shot by Lane MacDermid.
1:05 of 2nd period - Shot Blocked by Patrick Wey.
1:59 of 2nd period - Wrist shot by Teemu Hartikainen.
1:59 of 2nd period - Goal by Teemu Hartikainen - Demolitions : 2 - Sasquatch : 2.
2:00 of 2nd period - Devin Shore wins face-off versus Daultan Leveillé in neutral zone.
2:09 of 2nd period - Daultan Leveillé is hit by Jujhar Khaira and loses puck.
2:50 of 2nd period - Wrist shot by Ryan Dzingel.
2:50 of 2nd period - Stopped by Brandon Halverson with a rebound.
2:54 of 2nd period - Wrist shot by Teemu Hartikainen.
2:54 of 2nd period - Stopped by Brandon Halverson with a rebound.
2:56 of 2nd period - Snap shot by Teemu Hartikainen.
2:56 of 2nd period - Stopped by Brandon Halverson with a rebound.
3:28 of 2nd period - Minor Penalty to T.J. Tynan for Tripping.
3:29 of 2nd period - Sergey Kalinin wins face-off versus Daultan Leveillé in Sasquatch zone.
4:07 of 2nd period - Snap shot by Daultan Leveillé.
4:07 of 2nd period - Stopped by Joonas Korpisalo with a rebound.
4:09 of 2nd period - Backhand shot by Daultan Leveillé.
4:09 of 2nd period - Stopped by Joonas Korpisalo without a rebound.
4:10 of 2nd period - Sergey Kalinin wins face-off versus Andrej Nestrasil in Sasquatch zone.
4:37 of 2nd period - Lane MacDermid is hit by Teemu Hartikainen and loses puck.
5:28 of 2nd period - Penalty to T.J. Tynan is over, T.J. Tynan is back on ice.
5:49 of 2nd period - Slapshot by Phil Di Giuseppe.
5:49 of 2nd period - Shot Blocked by Nikita Nesterov.
5:51 of 2nd period - Slapshot by Nikita Tryamkin.
5:51 of 2nd period - Stopped by Joonas Korpisalo without a rebound.
5:52 of 2nd period - Colton Gillies wins face-off versus Teemu Hartikainen in Sasquatch zone.
5:55 of 2nd period - Snap shot by Colton Gillies.
5:55 of 2nd period - Shot Blocked by Brett Kulak.
5:57 of 2nd period - Wrist shot by Robert Bortuzzo.
5:57 of 2nd period - Shot Blocked by Quinton Howden.
5:59 of 2nd period - Snap shot by Taylor Aronson.
5:59 of 2nd period - Shot Blocked by Brett Kulak.
6:03 of 2nd period - Snap shot by Colton Gillies.
6:03 of 2nd period - Shot Hit the Post.
7:08 of 2nd period - Jonathan Blum is hit by Brock Trotter and loses puck.
7:23 of 2nd period - Snap shot by Spencer Machacek.
7:23 of 2nd period - Stopped by Joonas Korpisalo without a rebound.
7:24 of 2nd period - Quinton Howden wins face-off versus Daultan Leveillé in Sasquatch zone.
7:35 of 2nd period - Teemu Hartikainen is hit by Spencer Machacek.
7:49 of 2nd period - Lane MacDermid is hit by Sergey Kalinin and loses puck.
7:56 of 2nd period - Wrist shot by Petr Straka.
7:56 of 2nd period - Stopped by Brandon Halverson with a rebound.
7:58 of 2nd period - Slapshot by Brett Kulak.
7:58 of 2nd period - Stopped by Brandon Halverson without a rebound.
7:59 of 2nd period - Devin Shore wins face-off versus Andrej Nestrasil in Demolitions zone.
8:27 of 2nd period - Minor Penalty to Brett Kulak for Holding.
8:28 of 2nd period - Sergey Kalinin wins face-off versus Spencer Machacek in Sasquatch zone.
8:28 of 2nd period - Sergey Kalinin is hit by Lane MacDermid.
8:58 of 2nd period - Slapshot by Andrej Nestrasil.
8:58 of 2nd period - Shot Blocked by Patrick Wey.
9:02 of 2nd period - Snap shot by J.T. Brown.
9:02 of 2nd period - Stopped by Joonas Korpisalo without a rebound.
9:03 of 2nd period - Brandon Saad wins face-off versus Sergey Kalinin in Sasquatch zone.
9:12 of 2nd period - Snap shot by J.T. Brown.
9:12 of 2nd period - Stopped by Joonas Korpisalo without a rebound.
9:13 of 2nd period - Daultan Leveillé wins face-off versus Sergey Kalinin in Sasquatch zone.
10:27 of 2nd period - Penalty to Brett Kulak is over, Brett Kulak is back on ice.
11:00 of 2nd period - Slapshot by Nikita Nesterov.
11:00 of 2nd period - Stopped by Brandon Halverson with a rebound.
11:02 of 2nd period - Slapshot by Patrick Wey.
11:02 of 2nd period - Stopped by Brandon Halverson with a rebound.
11:56 of 2nd period - Quinton Howden is hit by Andrej Nestrasil and loses puck.
12:03 of 2nd period - Quinton Howden is hit by J.T. Brown and loses puck.
12:22 of 2nd period - Slapshot by T.J. Tynan.
12:22 of 2nd period - Shot Misses the Net.
12:52 of 2nd period - Wrist shot by Alex Hutchings.
12:52 of 2nd period - Stopped by Joonas Korpisalo without a rebound.
12:53 of 2nd period - Daultan Leveillé wins face-off versus T.J. Tynan in Sasquatch zone.
13:28 of 2nd period - Slapshot by Teemu Hartikainen.
13:28 of 2nd period - Shot Misses the Net.
13:30 of 2nd period - Minor Penalty to J.T. Brown for Delaying the game.
13:31 of 2nd period - Devin Shore wins face-off versus Spencer Machacek in Demolitions zone.
14:38 of 2nd period - Jonathan Blum is hit by Matt Halischuk and loses puck.
15:01 of 2nd period - Ryan Dzingel is hit by Jonathan Blum and loses puck.
15:30 of 2nd period - Penalty to J.T. Brown is over, J.T. Brown is back on ice.
15:42 of 2nd period - Wrist shot by Teemu Hartikainen.
15:42 of 2nd period - Goal by Teemu Hartikainen - Demolitions : 2 - Sasquatch : 3.
15:43 of 2nd period - Andrej Nestrasil wins face-off versus Quinton Howden in neutral zone.
15:46 of 2nd period - Slapshot by Cameron Schilling.
15:46 of 2nd period - Shot Misses the Net.
15:48 of 2nd period - Snap shot by Andrej Nestrasil.
15:48 of 2nd period - Deflect By J.T. Brown.
15:48 of 2nd period - Stopped by Joonas Korpisalo without a rebound.
15:49 of 2nd period - Quinton Howden wins face-off versus Andrej Nestrasil in Sasquatch zone.
16:00 of 2nd period - Backhand shot by J.T. Brown.
16:00 of 2nd period - Shot Misses the Net.
16:02 of 2nd period - Slapshot by Cameron Schilling.
16:02 of 2nd period - Shot Misses the Net.
16:04 of 2nd period - Snap shot by Brandon Saad.
16:04 of 2nd period - Shot Misses the Net.
16:41 of 2nd period - Snap shot by Jujhar Khaira.
16:41 of 2nd period - Shot Misses the Net.
16:53 of 2nd period - Wrist shot by Jujhar Khaira.
16:53 of 2nd period - Deflect By Jonathan Blum.
16:53 of 2nd period - Stopped by Brandon Halverson with a rebound.
16:55 of 2nd period - Snap shot by Matt Halischuk.
16:55 of 2nd period - Stopped by Brandon Halverson without a rebound.
16:56 of 2nd period - Sergey Kalinin wins face-off versus J.T. Brown in Demolitions zone.
17:39 of 2nd period - Icing by Nikita Tryamkin.
17:40 of 2nd period - Devin Shore wins face-off versus Colton Gillies in Demolitions zone.
17:41 of 2nd period - Snap shot by Matt Halischuk.
17:41 of 2nd period - Shot Misses the Net.
18:20 of 2nd period - Snap shot by Phil Di Giuseppe.
18:20 of 2nd period - Shot Hit the Post.
18:22 of 2nd period - Slapshot by Nikita Tryamkin.
18:22 of 2nd period - Goal by Nikita Tryamkin - Demolitions : 3 - Sasquatch : 3.
18:23 of 2nd period - Lane MacDermid wins face-off versus Devin Shore in neutral zone.
18:48 of 2nd period - Spencer Machacek is hit by Quinton Howden and loses puck.
19:26 of 2nd period - Robert Bortuzzo is hit by Petr Straka and loses puck.
19:55 of 2nd period - Icing by Phil McRae.
19:56 of 2nd period - T.J. Tynan wins face-off versus Colton Gillies in Demolitions zone.
Goals for this period are 1 for Demolitions vs 3 for Sasquatch.
Shots for this period are 10 for Demolitions vs 13 for Sasquatch.

3rd period


0:01 of 3rd period - Devin Shore wins face-off versus Daultan Leveillé in neutral zone.
0:08 of 3rd period - Snap shot by Matt Halischuk.
0:08 of 3rd period - Stopped by Brandon Halverson with a rebound.
0:49 of 3rd period - Quinton Howden is hit by Colton Gillies and loses puck.
1:10 of 3rd period - Brock Trotter is hit by Spencer Machacek.
1:11 of 3rd period - Minor Penalty to Spencer Machacek for Hooking.
1:12 of 3rd period - Devin Shore wins face-off versus Colton Gillies in Demolitions zone.
1:23 of 3rd period - Wrist shot by Matt Halischuk.
1:23 of 3rd period - Deflect By Devin Shore.
1:23 of 3rd period - Shot Blocked by Daultan Leveillé.
1:23 of 3rd period - Puck is out of play.
1:24 of 3rd period - Devin Shore wins face-off versus Colton Gillies in Demolitions zone.
1:25 of 3rd period - Wrist shot by Ryan Dzingel.
1:25 of 3rd period - Shot Blocked by Cameron Schilling.
1:34 of 3rd period - Wrist shot by Matt Halischuk.
1:34 of 3rd period - Shot Misses the Net.
3:11 of 3rd period - Penalty to Spencer Machacek is over, Spencer Machacek is back on ice.
3:19 of 3rd period - Daultan Leveillé is hit by Teemu Hartikainen and loses puck.
3:47 of 3rd period - Icing by Jonathan Blum.
3:48 of 3rd period - Sergey Kalinin wins face-off versus Phil McRae in Demolitions zone.
3:53 of 3rd period - Wrist shot by Sergey Kalinin.
3:53 of 3rd period - Stopped by Brandon Halverson without a rebound.
3:54 of 3rd period - Phil McRae wins face-off versus Sergey Kalinin in Demolitions zone.
3:54 of 3rd period - Phil McRae is hit by Ryan Dzingel.
4:14 of 3rd period - Icing by Aaron Palushaj.
4:15 of 3rd period - Matt Halischuk wins face-off versus Andrej Nestrasil in Demolitions zone.
4:30 of 3rd period - Snap shot by Jujhar Khaira.
4:30 of 3rd period - Shot Blocked by Nikita Tryamkin.
4:49 of 3rd period - Wrist shot by Quinton Howden.
4:49 of 3rd period - Stopped by Brandon Halverson with a rebound.
4:51 of 3rd period - Snap shot by Teemu Hartikainen.
4:51 of 3rd period - Shot Misses the Net.
4:53 of 3rd period - Wrist shot by Brett Pesce.
4:53 of 3rd period - Shot Blocked by Andrej Nestrasil.
5:03 of 3rd period - Patrick Wey is hit by Daultan Leveillé and loses puck.
5:10 of 3rd period - Snap shot by Daultan Leveillé.
5:10 of 3rd period - Stopped by Joonas Korpisalo with a rebound.
5:12 of 3rd period - Wrist shot by Daultan Leveillé.
5:12 of 3rd period - Shot Blocked by Petr Straka.
5:16 of 3rd period - Backhand shot by Spencer Machacek.
5:16 of 3rd period - Deflect By Daultan Leveillé.
5:16 of 3rd period - Stopped by Joonas Korpisalo with a rebound.
5:52 of 3rd period - Snap shot by Aaron Palushaj.
5:52 of 3rd period - Deflect By Phil McRae.
5:52 of 3rd period - Shot Misses the Net.
5:52 of 3rd period - Puck is out of play.
5:53 of 3rd period - T.J. Tynan wins face-off versus Phil McRae in Sasquatch zone.
6:43 of 3rd period - Snap shot by Jujhar Khaira.
6:43 of 3rd period - Shot Misses the Net.
7:29 of 3rd period - Snap shot by Quinton Howden.
7:29 of 3rd period - Shot Misses the Net.
7:31 of 3rd period - Wrist shot by Hudson Fasching.
7:31 of 3rd period - Shot Blocked by Daultan Leveillé.
7:33 of 3rd period - Snap shot by Hudson Fasching.
7:33 of 3rd period - Goal by Hudson Fasching - Demolitions : 3 - Sasquatch : 4.
7:34 of 3rd period - Daultan Leveillé wins face-off versus Jujhar Khaira in neutral zone.
7:43 of 3rd period - Slapshot by Spencer Machacek.
7:43 of 3rd period - Shot Blocked by Nikita Nesterov.
7:45 of 3rd period - Slapshot by Jonathan Blum.
7:45 of 3rd period - Stopped by Joonas Korpisalo without a rebound.
7:46 of 3rd period - Daultan Leveillé wins face-off versus Devin Shore in Sasquatch zone.
8:11 of 3rd period - Lane MacDermid is hit by Quinton Howden and loses puck.
8:16 of 3rd period - Slapshot by Quinton Howden.
8:16 of 3rd period - Shot Blocked by Jonathan Blum.
8:23 of 3rd period - Slapshot by Daultan Leveillé.
8:23 of 3rd period - Stopped by Joonas Korpisalo with a rebound.
8:25 of 3rd period - Slapshot by Jonathan Blum.
8:25 of 3rd period - Shot Blocked by Ian Cole.
8:27 of 3rd period - Wrist shot by Lane MacDermid.
8:27 of 3rd period - Deflect By Daultan Leveillé.
8:27 of 3rd period - Shot Misses the Net.
8:27 of 3rd period - Puck is out of play.
8:28 of 3rd period - J.T. Brown wins face-off versus Devin Shore in Sasquatch zone.
8:35 of 3rd period - Snap shot by Andrej Nestrasil.
8:35 of 3rd period - Stopped by Joonas Korpisalo with a rebound.
8:37 of 3rd period - Snap shot by J.T. Brown.
8:37 of 3rd period - Stopped by Joonas Korpisalo without a rebound.
8:38 of 3rd period - Andrej Nestrasil wins face-off versus Devin Shore in Sasquatch zone.
8:43 of 3rd period - Wrist shot by Andrej Nestrasil.
8:43 of 3rd period - Stopped by Joonas Korpisalo with a rebound.
8:45 of 3rd period - Snap shot by Nikita Tryamkin.
8:45 of 3rd period - Deflect By Devin Shore.
8:45 of 3rd period - Stopped by Joonas Korpisalo with a rebound.
8:47 of 3rd period - Slapshot by Jake Muzzin.
8:47 of 3rd period - Stopped by Joonas Korpisalo without a rebound.
8:48 of 3rd period - Devin Shore wins face-off versus Daultan Leveillé in Sasquatch zone.
9:14 of 3rd period - Ian Cole is hit by J.T. Brown and loses puck.
9:35 of 3rd period - Brett Pesce is hit by Phil Di Giuseppe and loses puck.
9:40 of 3rd period - Slapshot by Jonathan Blum.
9:40 of 3rd period - Shot Blocked by Brett Pesce.
10:22 of 3rd period - Jake Muzzin is hit by Devin Shore and loses puck.
11:33 of 3rd period - Wrist shot by Aaron Palushaj.
11:33 of 3rd period - Stopped by Joonas Korpisalo with a rebound.
11:35 of 3rd period - Slapshot by Aaron Palushaj.
11:35 of 3rd period - Shot Misses the Net.
11:37 of 3rd period - Slapshot by Taylor Aronson.
11:37 of 3rd period - Shot Blocked by Mike Reilly.
11:39 of 3rd period - Slapshot by Taylor Aronson.
11:39 of 3rd period - Stopped by Joonas Korpisalo with a rebound.
11:41 of 3rd period - Snap shot by Phil McRae.
11:41 of 3rd period - Shot Blocked by Mike Reilly.
11:53 of 3rd period - Snap shot by Jujhar Khaira.
11:53 of 3rd period - Stopped by Brandon Halverson without a rebound.
11:54 of 3rd period - Andrej Nestrasil wins face-off versus Devin Shore in Demolitions zone.
11:58 of 3rd period - Minor Penalty to Andrej Nestrasil for Holding.
11:59 of 3rd period - Spencer Machacek wins face-off versus Devin Shore in Demolitions zone.
12:12 of 3rd period - Wrist shot by Daultan Leveillé.
12:12 of 3rd period - Shot Misses the Net.
12:14 of 3rd period - Wrist shot by Daultan Leveillé.
12:14 of 3rd period - Shot Misses the Net.
13:28 of 3rd period - Ryan Dzingel is hit by J.T. Brown and loses puck.
13:55 of 3rd period - Jonathan Blum is hit by Mike Reilly.
13:58 of 3rd period - Penalty to Andrej Nestrasil is over, Andrej Nestrasil is back on ice.
14:15 of 3rd period - Snap shot by Andrej Nestrasil.
14:15 of 3rd period - Stopped by Joonas Korpisalo with a rebound.
14:17 of 3rd period - Snap shot by Brandon Saad.
14:17 of 3rd period - Goal by Brandon Saad - Demolitions : 4 - Sasquatch : 4.
14:18 of 3rd period - Andrej Nestrasil wins face-off versus Devin Shore in neutral zone.
14:29 of 3rd period - Snap shot by Andrej Nestrasil.
14:29 of 3rd period - Stopped by Joonas Korpisalo without a rebound.
14:30 of 3rd period - Daultan Leveillé wins face-off versus Devin Shore in Sasquatch zone.
14:31 of 3rd period - Slapshot by Spencer Machacek.
14:31 of 3rd period - Stopped by Joonas Korpisalo with a rebound.
14:51 of 3rd period - Minor Penalty to Jujhar Khaira for Holding.
14:52 of 3rd period - Sergey Kalinin wins face-off versus Daultan Leveillé in Sasquatch zone.
14:52 of 3rd period - Sergey Kalinin is hit by Cameron Schilling.
15:37 of 3rd period - Slapshot by Ian Cole.
15:37 of 3rd period - Shot Blocked by Jake Muzzin.
15:39 of 3rd period - Slapshot by Brock Trotter.
15:39 of 3rd period - Goal by Brock Trotter - Demolitions : 4 - Sasquatch : 5.
15:40 of 3rd period - Daultan Leveillé wins face-off versus Sergey Kalinin in neutral zone.
15:49 of 3rd period - Slapshot by Lane MacDermid.
15:49 of 3rd period - Deflect By Spencer Machacek.
15:49 of 3rd period - Goal by Spencer Machacek - Demolitions : 5 - Sasquatch : 5.
15:50 of 3rd period - Quinton Howden wins face-off versus Daultan Leveillé in neutral zone.
16:01 of 3rd period - Icing by Teemu Hartikainen.
16:02 of 3rd period - Quinton Howden wins face-off versus Daultan Leveillé in Sasquatch zone.
16:17 of 3rd period - Snap shot by Daultan Leveillé.
16:17 of 3rd period - Shot Misses the Net.
16:29 of 3rd period - Backhand shot by Jujhar Khaira.
16:29 of 3rd period - Goal by Jujhar Khaira - Demolitions : 5 - Sasquatch : 6.
16:30 of 3rd period - Daultan Leveillé wins face-off versus Quinton Howden in neutral zone.
16:55 of 3rd period - Spencer Machacek is hit by Sergey Kalinin and loses puck.
17:06 of 3rd period - Wrist shot by Sergey Kalinin.
17:06 of 3rd period - Stopped by Brandon Halverson without a rebound.
17:07 of 3rd period - Andrej Nestrasil wins face-off versus Quinton Howden in Demolitions zone.
17:07 of 3rd period - Brandon Saad is hit by Nikita Nesterov.
17:42 of 3rd period - Icing by Colton Gillies.
17:43 of 3rd period - Colton Gillies wins face-off versus Matt Halischuk in Demolitions zone.
17:43 of 3rd period - Colton Gillies is hit by Devin Shore.
18:49 of 3rd period - Demolitions, Brandon Halverson is pulled from the net.
19:32 of 3rd period - Wrist shot by Teemu Hartikainen.
19:32 of 3rd period - Goal by Teemu Hartikainen - Demolitions : 5 - Sasquatch : 7.
19:32 of 3rd period - Brandon Halverson from Demolitions was sent back in the game.
19:33 of 3rd period - Sergey Kalinin wins face-off versus J.T. Brown in neutral zone.
Goals for this period are 2 for Demolitions vs 4 for Sasquatch.
Shots for this period are 16 for Demolitions vs 9 for Sasquatch.